 Dungeon Crawl Stone Soup version 0.28-a0-1117-g0bdd5ba030 (webtiles) character file.

Game seed: 3746418155377563265

85216 blank1 the Tortoise (level 15, -27/147 HPs)
             Began as a Minotaur Fighter on Dec 12, 2021.
             Was the Champion of Okawaru.
             Killed from afar by a frost giant (44 damage)
             ... with a bolt of cold
             ... on level 15 of the Dungeon.
             The game lasted 00:40:14 (23826 turns).

blank1 the Tortoise (Minotaur Fighter)             Turns: 23826, Time: 00:40:15

Health: -27/147    AC: 26    Str: 36    XL:     15   Next: 37%
Magic:  8/20       EV: 13    Int:  4    God:    Okawaru [******]
Gold:   1152       SH: 14    Dex: 13    Spells: 14/14 levels left

rFire   . . .      SeeInvis .   F - +4 demon whip (freeze)
rCold   . . .      Faith    .   g - +1 kite shield
rNeg    + . .      Spirit   .   D - +0 plate armour of Impressiveness {Rampage rElec Str+7 Int-3}
rPois   +          Reflect  .   (helmet restricted)
rElec   +          Harm     .   E - +0 cloak {Will+}
rCorr   .          Rampage  +   I - +0 pair of gloves {infuse}
Will    +++++      Clarity  +   L - +2 pair of boots
Stlth   ..........              P - amulet of the Four Winds {rN+ Will+++ Clar}
HPRegen 0.34/turn               s - +6 ring of strength
MPRegen 0.17/turn               e - ring of poison resistance

@: no status effects
A: horns 2, retaliatory headbutt
a: Renounce Religion, Heroism, Finesse, Duel


You were on level 15 of the Dungeon.
You worshipped Okawaru.
Okawaru was exalted by your worship.
You visited 3 branches of the dungeon, and saw 22 of its levels.

You collected 1766 gold pieces.
You spent 614 gold pieces at shops.

Inventory:

Hand Weapons
 w - a +4 flail
 F - a +4 demon whip of freezing (weapon)
 N - the +8 glaive of Cuebadow {holy, Int+2}
   (Okawaru gifted it to you on level 6 of the Lair of Beasts)

   It has been blessed by the Shining One to cause great damage to the undead
   and demons.
   Int:       It affects your intelligence (+2).
Missiles
 h - 2 throwing nets
 C - 10 silver javelins (quivered)
Armour
 g - a +1 kite shield (worn)
 y - a +3 chain mail
 D - the +0 plate armour of Impressiveness (worn) {Rampage rElec Str+7 Int-3}
   (You took it off a wight on level 10 of the Dungeon)

   Str:       It affects your strength (+7).
   Int:       It affects your intelligence (-3).
   rElec:     It insulates you from electricity.
   Rampage:   It bestows one free step when moving towards enemies.
 E - a +0 cloak of willpower (worn)
 I - a +0 pair of gloves of infusion (worn)
 L - a +2 pair of boots (worn)
Jewellery
 a - a ring of see invisible
 e - a ring of poison resistance (right hand)
 s - a +6 ring of strength (left hand)
 P - the amulet of the Four Winds (around neck) {rN+ Will+++ Clar}
   (You bought it in a shop on level 12 of the Dungeon)

   [amulet of nothing]

   rN:        It protects you from negative energy.
   Clar:      It protects you against confusion.
   Will:      It greatly increases your willpower.
Wands
 i - a wand of polymorph (17)
 n - a wand of flame (31)
 o - a wand of iceblast (30)
 t - a wand of digging (6)
 J - a wand of paralysis (22)
 M - a wand of acid (8)
Scrolls
 f - 7 scrolls of teleportation
 l - 4 scrolls of blinking
 r - 6 scrolls of fear
 z - 5 scrolls of silence
 A - 2 scrolls of enchant armour
 O - a scroll of fog
 R - 3 scrolls of brand weapon {unknown}
Potions
 b - 10 potions of curing
 d - 4 potions of might
 j - 6 potions of attraction
 k - a potion of cancellation
 m - 4 potions of flight
 p - 2 potions of magic
 q - 7 potions of haste
 u - 3 potions of mutation
 v - a potion of berserk rage
 x - a potion of resistance
 B - 3 potions of lignification
 H - 4 potions of heal wounds
 K - 2 potions of invisibility


   Skills:
 + Level 17.5 Fighting
 - Level 14.0 Maces & Flails
 - Level 19.0 Armour
 - Level 10.0 Dodging
 - Level 15.0 Shields
 - Level 8.0 Invocations


You had 14 spell levels left.
You didn't know any spells.
Your spell library contained the following spells:

 Spells                   Type           Power      Damage    Failure   Level
 Beastly Appendage        Tmut           0%         N/A       89%         1
 Sandblast                Erth           0%         2d4       89%         1
 Passwall                 Tmut/Erth      0%         N/A       96%         2
 Static Discharge         Conj/Air       0%         N/A       96%         2
 Wereblood                Tmut           0%         N/A       96%         2
 Gell's Gravitas          Tloc           0%         N/A       99%         3
 Lesser Beckoning         Tloc           0%         N/A       99%         3
 Spider Form              Tmut/Pois      0%         N/A       99%         3
 Stone Arrow              Conj/Erth      0%         3d7       99%         3
 Swiftness                Air            0%         N/A       99%         3
 Teleport Other           Tloc           0%         N/A       99%         3
 Fulminant Prism          Conj/Hex       0%         3d6       100%        4
 Hailstorm                Conj/Ice       0%         3d3       100%        4
 Ice Form                 Ice/Tmut       0%         N/A       100%        4
 Iskenderun's Mystic Bla  Conj/Tloc      0%         2d3       100%        4
 Olgreb's Toxic Radiance  Pois           0%         N/A       100%        4
 Petrify                  Tmut/Erth      0%         N/A       100%        4
 Blade Hands              Tmut           0%         N/A       100%        5
 Lee's Rapid Deconstruct  Erth           0%         3d5*      100%        5
 Lightning Bolt           Conj/Air       0%         1d11      100%        5
 Metabolic Englaciation   Hex/Ice        0%         N/A       100%        5
 Iron Shot                Conj/Erth      0%         9d1       100%        6
 Statue Form              Tmut/Erth      0%         N/A       100%        6
 Orb of Destruction       Conj           0%         N/A       100%        7
 Ozocubu's Refrigeration  Ice            0%         4d5       100%        7
 Storm Form               Tmut/Air       0%         N/A       100%        7
 Ignition                 Fire           0%         3d3       100%        8
 Lehudib's Crystal Spear  Conj/Erth      0%         10d2      100%        8
 Maxwell's Capacitive Co  Air            0%         ∞         100%        8
 Summon Guardian Golem    Hex/Summ       Unusable   N/A       N/A         3
 Animate Armour           Summ/Erth      Unusable   N/A       N/A         4
 Summon Lightning Spire   Summ/Air       Unusable   N/A       N/A         4
 Simulacrum               Ice/Necr       Unusable   N/A       N/A         6
 Spellforged Servitor     Conj/Summ      Unusable   N/A       N/A         7

Dungeon Overview and Level Annotations

Branches:
Dungeon (15/15)            Temple (1/1) D:5            Lair (6/6) D:10
 Shoals (0/4) Lair:3       Spider (0/4) Lair:2        Slime (0/5) Lair:5
    Orc (0/2) D:11         Vaults (0/5) D:14         Depths (0/4) D:15

Altars:
Ashenzari
Cheibriados
Dithmenos
Elyvilon
Fedhas
Gozag
Hepliaklqana
Kikubaaqudgha
Makhleb
Nemelex Xobeh
Okawaru
Ru
Sif Muna
Trog
Uskayaw
Vehumet
Wu Jian
Xom
Yredelemnul
Zin
The Shining One

Shops:
D:12 =


Innate Abilities, Weirdness & Mutations

You have a pair of horns on your head.
You reflexively headbutt those who attack you in melee.


Message History

The tengu warrior shoots a bolt.
The bolt closely misses you.
The frost giant hits you with a +0 battleaxe of freezing!!
The frost giant freezes you!
The tengu warrior shoots a bolt.
You block the bolt.
You hit the frost giant. You headbutt the frost giant!
The frost giant is heavily wounded.
You barely miss the frost giant. You headbutt the frost giant.
The frost giant is heavily wounded.
The tengu warrior shoots a bolt.
You block the bolt.
The frost giant points at you and mumbles some strange words.
The bolt of cold hits you!!!
The tengu warrior shoots a bolt.
You block the bolt.
You are too injured to fight recklessly!
You are too injured to fight recklessly!
You are too injured to fight recklessly!
You are too injured to fight recklessly!
Unknown command.
You are too injured to fight recklessly!
You barely miss the frost giant.
You headbutt the frost giant, but do no damage.
The frost giant is heavily wounded.
You hit the frost giant but do no damage.
You headbutt the frost giant.
The frost giant is severely wounded.
The tengu warrior shoots a bolt.
The bolt hits you!
* * * LOW HITPOINT WARNING * * *
The frost giant hits you with a +0 battleaxe of freezing!!
* * * LOW HITPOINT WARNING * * *
The frost giant freezes you.
* * * LOW HITPOINT WARNING * * *
You hit the frost giant. You headbutt the frost giant.
The frost giant is severely wounded.
Unknown command.
You whack the frost giant! You freeze the frost giant.
You headbutt the frost giant, but do no damage.
The frost giant is almost dead.
The tengu warrior shoots a bolt.
The bolt closely misses you.
The frost giant gestures at you while chanting.
The bolt of cold hits you!!!
You die...

..## #....#....##.##
...###....#........###.
....##....#####).......
....##.... ####'#####..
....##.... #≈≈...≈≈#
....##.... #≈..#..≈#
....# #.#.#.#.# ...##
#.≈.≈.≈.# ....#
#.≈..@≈.# ....#
#.≈..C≈.# ....#
#.##'##.# ...(# #. .Q
Q# ....# # #.> .# ....#
'.. .# ..#..# #### ###
.. .


You could see a frost giant and 2 tengu warriors.

Vanquished Creatures
  Azrael (D:15)
  Snorg (D:11)
  Fannar (D:10)
  4 boulder beetles
  10 hydras
  A death knight (D:13)
  6 centaur warriors
  A catoblepas (D:14)
  5 two-headed ogres
  6 death yaks (Lair:3)
  Urug (Lair:4)
  Nergalle (Lair:2)
  Sonja (Lair:5)
  A deep elf pyromancer (D:15)
  A lindwurm (Lair:5)
  7 ugly things
  A harpy (shapeshifter) (D:13)
  2 necromancers
  2 wolf spiders (Lair:6)
  5 cyclopes
  A salamander (shapeshifter) (D:13)
  2 manticores
  12 black mambas
  Maurice (D:10)
  A guardian serpent (Lair:6)
  17 cane toads
  3 rime drakes
  5 kobold demonologists (D:14)
  2 efreet
  A freezing wraith (D:13)
  2 unseen horrors
  Psyche (D:8)
  9 komodo dragons
  6 trolls
  6 jumping spiders (Lair:2)
  8 slime creatures
  6 hornets
  23 blink frogs
  7 wraiths
  4 redbacks
  A vampire (D:10)
  47 yaks
  Grum (D:8)
  Eustachio (D:6)
  6 basilisks
  12 wyverns
  6 fire elementals
  3 fire bats (Lair:5)
  2 steam dragons
  Menkaure (D:5)
  4 acid dragons
  36 water moccasins
  Duvessa (D:6)
  An orc warrior (D:8)
  2 sky beasts
  An ice beast (D:6)
  3 black bears
  2 necrophages
  5 ogres
  23 wolves
  A phantom (D:6)
  19 centaurs
  14 bullfrogs
  A kobold brigand (D:9)
  2 wyvern zombies (D:8)
  Dowan (D:6)
  A water moccasin skeleton (D:4)
  11 killer bees
  17 wights
  13 howler monkeys
  2 electric eels (Lair:5)
  4 jellies
  A centaur zombie (D:5)
  Crazy Yiuf (D:2)
  4 hounds
  2 centaur skeletons (D:7)
  Terence (D:2)
  4 iguanas
  4 orc wizards
  2 yak simulacra (Lair:6)
  4 polar bear simulacra (Lair:6)
  5 wolf simulacra (Lair:6)
  4 howler monkey zombies
  Robin (D:2)
  6 gnolls
  2 howler monkey skeletons
  5 adders
  4 ufetubi
  A worm (D:2)
  5 dart slugs
  12 orcs
  6 bats
  13 endoplasms
  5 giant cockroaches
  12 goblins
  7 hobgoblins
  5 quokkas
  4 ball pythons
  2 frilled lizards
  12 kobolds
  4 rats
557 creatures vanquished.

Vanquished Creatures (others)
  35 fungi
  77 plants
112 creatures vanquished.

Grand Total: 669 creatures vanquished

Notes
Turn   | Place    | Note
-------+----------+-------------------------------------------
     0 | D:1      | blank1 the Minotaur Fighter began the quest for the Orb.
     0 | D:1      | Reached XP level 1. HP: 19/19 MP: 0/0
   110 | D:1      | Reached XP level 2. HP: 23/27 MP: 1/1
   467 | D:1      | Reached skill level 1 in Dodging
   697 | D:1      | Reached XP level 3. HP: 33/33 MP: 2/2
   866 | D:1      | Reached skill level 4 in Armour
  1278 | D:2      | Noticed Terence
  1297 | D:2      | Killed Terence
  1298 | D:2      | Reached XP level 4. HP: 10/41 MP: 3/3
  1380 | D:2      | Noticed Robin
  1394 | D:2      | Killed Robin
  1926 | D:2      | Found a runed translucent door.
  1927 | D:2      | Noticed Crazy Yiuf
  1933 | D:2      | Killed Crazy Yiuf
  1934 | D:2      | Reached skill level 5 in Fighting
  1934 | D:2      | Reached XP level 5. HP: 41/48 MP: 0/4
  2043 | D:3      | Found a faded altar of an unknown god.
  2183 | D:3      | Noticed an ogre
  2192 | D:3      | Killed an ogre
  2193 | D:3      | Reached skill level 5 in Maces & Flails
  2328 | D:3      | Found a shimmering blue altar of Sif Muna.
  2547 | D:3      | Reached XP level 6. HP: 56/56 MP: 5/5
  2814 | D:4      | Reached XP level 7. HP: 57/66 MP: 6/6
  3493 | D:5      | Entered Level 5 of the Dungeon
  3544 | D:5      | Found a staircase to the Ecumenical Temple.
  3679 | Temple   | Entered the Ecumenical Temple
  3768 | Temple   | Became a worshipper of Warmaster Okawaru
  3956 | D:5      | Reached skill level 1 in Invocations
  4113 | D:5      | Noticed Menkaure
  4129 | D:5      | Killed Menkaure
  4610 | D:5      | Reached XP level 8. HP: 73/74 MP: 9/9
  4654 | D:6      | Reached * piety under Okawaru
  4702 | D:6      | Found a bloodstained altar of Trog.
  4702 | D:6      | Found a sacrificial altar of Ru.
  4768 | D:6      | Reached skill level 5 in Armour
  4794 | D:6      | Noticed Eustachio
  4948 | D:6      | Noticed Duvessa
  4948 | D:6      | Noticed Dowan
  4953 | D:6      | Killed Duvessa
  4968 | D:6      | Killed Dowan
  5043 | D:6      | Reached skill level 5 in Shields
  5049 | D:6      | Reached ** piety under Okawaru
  5159 | D:6      | Reached XP level 9. HP: 83/83 MP: 11/11
  5233 | D:6      | Killed Eustachio
  5351 | D:6      | Reached skill level 10 in Fighting
  5452 | D:6      | You fall into a shaft and drop 2 floors!
  6225 | D:7      | Reached skill level 15 in Fighting
  6225 | D:7      | Reached XP level 10. HP: 107/107 MP: 12/12
  6262 | D:7      | Reached *** piety under Okawaru
  6675 | D:8      | Reached skill level 10 in Maces & Flails
  6758 | D:8      | Noticed Grum
  6775 | D:8      | Killed Grum
  7218 | D:8      | Reached skill level 6 in Armour
  7379 | D:8      | Noticed Psyche
  7389 | D:8      | Killed Psyche
  7390 | D:8      | Reached skill level 5 in Invocations
  7871 | D:9      | Reached XP level 11. HP: 109/114 MP: 13/13
  7929 | D:9      | Reached **** piety under Okawaru
  7930 | D:9      | Reached skill level 7 in Armour
  8363 | D:10     | Entered Level 10 of the Dungeon
  8365 | D:10     | Identified a scroll of acquirement
  8365 | D:10     | Acquired a manual of Armour
  8497 | D:10     | Found a staircase to the Lair.
  8746 | D:10     | Noticed Fannar
  8765 | D:10     | Killed Fannar
  8765 | D:10     | Received a gift from Okawaru
  8766 | D:10     | Reached skill level 9 in Armour
  8844 | D:10     | Identified the +0 plate armour of Impressiveness {Rampage
                  | rElec Str+7 Int-3}
  8844 | D:10     | Noticed a two-headed ogre
  8845 | D:10     | Noticed a brown ugly thing
  8854 | D:10     | Reached skill level 10 in Armour
  8854 | D:10     | Noticed a centaur warrior
  8866 | D:10     | Killed a two-headed ogre
  8867 | D:10     | Reached skill level 11 in Armour
  8876 | D:10     | Killed a brown ugly thing
  8877 | D:10     | Reached skill level 12 in Armour
  8893 | D:10     | Killed a centaur warrior
  8893 | D:10     | Reached ***** piety under Okawaru
  8910 | D:10     | Reached skill level 5 in Dodging
  9012 | D:10     | Noticed Maurice
  9020 | D:10     | Killed Maurice
  9273 | D:10     | Identified the +3 ring mail of the Monkey {rElec rF+++
                  | Int-5 Dex-5}
  9338 | D:11     | Noticed a two-headed ogre
  9344 | D:11     | Killed a two-headed ogre
  9393 | Lair:1   | Entered Level 1 of the Lair of Beasts
  9673 | Lair:1   | Received a gift from Okawaru
  9806 | Lair:1   | Reached XP level 12. HP: 122/122 MP: 14/14
 10245 | Lair:2   | Found a hole to the Spider Nest.
 10288 | Lair:2   | Noticed Nergalle
 10295 | Lair:2   | Killed Nergalle
 10482 | Lair:2   | Received a gift from Okawaru
 10753 | Lair:2   | Reached skill level 13 in Armour
 11277 | Lair:3   | Found a staircase to the Shoals.
 11294 | Lair:3   | Reached skill level 14 in Armour
 11658 | Lair:3   | Noticed a death yak
 11673 | Lair:3   | Killed a death yak
 11759 | Lair:3   | Noticed a death yak
 11759 | Lair:3   | Noticed a death yak
 11759 | Lair:3   | Noticed a death yak
 11760 | Lair:3   | Noticed a death yak
 11761 | Lair:3   | Noticed a death yak
 11782 | Lair:3   | Killed a death yak
 11791 | Lair:3   | Killed a death yak
 11795 | Lair:3   | Killed a death yak
 11796 | Lair:3   | Reached skill level 15 in Armour
 11959 | Lair:3   | Killed a death yak
 11967 | Lair:3   | Killed a death yak
 12293 | Lair:3   | Reached XP level 13. HP: 128/128 MP: 10/15
 12430 | Lair:3   | Reached ****** piety under Okawaru
 12966 | Lair:4   | Received a gift from Okawaru
 13161 | Lair:4   | Noticed Urug
 13180 | Lair:4   | Killed Urug
 13517 | Lair:4   | Reached skill level 16 in Armour
 14192 | Lair:5   | Found a staircase to the Slime Pits.
 14407 | Lair:5   | Reached skill level 10 in Shields
 15142 | Lair:5   | Noticed Sonja
 15146 | Lair:5   | Killed Sonja
 15159 | Lair:5   | Received a gift from Okawaru
 15288 | Lair:5   | Reached skill level 17 in Armour
 15744 | Lair:6   | Entered Level 6 of the Lair of Beasts
 16041 | Lair:6   | Reached XP level 14. HP: 114/137 MP: 13/18
 16576 | Lair:6   | Received a gift from Okawaru
 16801 | Lair:6   | Reached skill level 18 in Armour
 16818 | Lair:6   | Reached skill level 10 in Dodging
 17315 | Lair:6   | Identified the +8 glaive of Cuebadow {holy, Int+2} (Okawaru
                  | gifted it to you on level 6 of the Lair of Beasts)
 17315 | Lair:6   | Received a gift from Okawaru
 18438 | D:11     | Found a staircase to the Orcish Mines.
 18584 | D:11     | Found a shimmering altar of Xom.
 18606 | D:11     | Found a shimmering altar of Xom.
 18606 | D:11     | Found a shimmering altar of Xom.
 18606 | D:11     | Found a shimmering altar of Xom.
 18606 | D:11     | Found a shimmering altar of Xom.
 18749 | D:11     | Noticed Snorg
 18760 | D:11     | Killed Snorg
 19835 | D:12     | Found a shadowy altar of Dithmenos.
 20167 | D:12     | Found Lugeporr's Jewellery Shoppe.
 20176 | D:12     | Bought the amulet of the Four Winds {rN+ Will+++ Clar} for
                  | 614 gold pieces
 20176 | D:12     | Found the amulet of the Four Winds {rN+ Will+++ Clar}
 20204 | D:12     | Received a gift from Okawaru
 21984 | D:14     | Reached skill level 19 in Armour
 21991 | D:14     | Reached XP level 15. HP: 130/144 MP: 1/20
 22290 | D:14     | Identified the +5 great mace "Minotaur's Regret" {freeze,
                  | rPois rN+} (Okawaru gifted it to you on level 14 of the
                  | Dungeon)
 22290 | D:14     | Received a gift from Okawaru
 22291 | D:14     | Reached skill level 15 in Shields
 22693 | D:14     | Found a gate to the Vaults.
 22940 | D:14     | Identified the +5 robe of Abstinence {Contam Dex+3 Slay+3}
 23335 | D:15     | Entered Level 15 of the Dungeon
 23601 | D:15     | Noticed Azrael
 23620 | D:15     | Killed Azrael
 23815 | D:15     | Found a staircase to the Depths.
 23815 | D:15     | Noticed a frost giant
 23826 | D:15     | Killed from afar by a frost giant

Illustrated notes

Levels and vault maps discovered:
D:1:      mrwooster_arrival_statue, layout_basic, minmay_close_crescents
D:2:      layout_basic, uniq_terence, uniq_robin, uniq_crazy_yiuf_cottage
D:3:      layout_basic, led_sif_book, hellmonk_ecumenical_altar_blasted,
          corexii_corridor_pit, minmay_distorted
D:4:      layout_basic, kennysheep_generic_room_8
D:5:      layout_cave_pods, minmay_temple_entry_poolview,
          amcnicky_mini_pool_small, uniq_menkaure
D:6:      layout_loops_ring, gammafunk_temple_overflow_wave,
          lemuel_flame_loot_1, uniq_duvessa, uniq_eustachio
D:7:      layout_basic, dk_noncrumbling_3, kennysheep_generic_room_10
D:8:      layout_loops_cross, serial_co_window_serial, co_window_paths_b,
          co_window_paths_b, co_window_of_opportunity_a, co_window_paths_b,
          co_window_paths_b, co_window_corner_a, co_window_unsneaky_path_b,
          co_window_of_opportunity_b, co_window_unsneaky_path_c,
          co_window_unsneaky_path_b, uniq_psyche, uniq_grum
D:9:      layout_grid_maze
D:10:     layout_loops_ring, lair_entry_dummy, minmay_pinched_square,
          uniq_fannar, uniq_maurice
D:11:     layout_roguey, orc_0_dummy, xom_redecorated, uniq_snorg
D:12:     layout_loops_ring, serial_shops, nicolae_shop_trees,
          nicolae_dithmenos_shadow_blocks
D:13:     layout_gridville
D:14:     layout_irregular_city, david_vaults_1
D:15:     grunt_enter_depths_snipers, layout_rooms, serial_shops, shop,
          minmay_crystal_water, uniq_azrael, uniq_jorgrun
Temple:   mainiacjoe_temple_bowtie_tessellation
Lair:1:   layout_long_grid
Lair:2:   layout_gridlike, nicolae_spider_entry_tight_spaces, st_stairs_12,
          grunt_megastairs_2, uniq_nergalle
Lair:3:   layout_cave_pods, elwin_shoals_entry_rocks
Lair:4:   layout_long_grid, uniq_urug
Lair:5:   cheibrodos_lair_overgrown_chateau, layout_gridlike,
          nicolae_slime_entry_slimehenge, serial_bayou_shore_a, uniq_sonja
Lair:6:   hangedman_lair_tendril_chambers, layout_long_grid,
          nicolae_lair_grove_arrangements, eino_house_with_fridge,
          infiniplex_staircase_pool_2

Skill      XL: |  1  2  3  4  5  6  7  8  9 10 11 12 13 14 15 |
---------------+----------------------------------------------+-----
Dodging        | 1 2 4 7 8 9 10 | 10.0
Fighting       | 4 5 7 8 9 15 16 17 | 17.5
Shields        | 4 5 7 11 14 15 | 15.0
Maces & Flails | 3 4 5 6 8 9 10 11 14 | 14.0
Armour         | 4 5 6 12 15 17 19 | 19.0
Invocations    | 3 4 5 7 8 |  8.0

Action                   |  1- 3 |  4- 6 |  7- 9 | 10-12 | 13-15 || total
-------------------------+-------+-------+-------+-------+-------++-------
Melee: Flail             |    87 |   118 |   234 |   314 |       ||   753
       Headbutt          |    12 |    24 |    56 |   123 |   254 ||   469
       Demon whip        |       |       |       |   198 |   832 ||  1030
Invok: Heroism           |       |       |     1 |     2 |       ||     3
       Finesse           |       |       |       |     3 |       ||     3
  Use: Scroll            |       |     4 |     6 |     9 |     7 ||    26
       Potion            |       |       |     1 |       |       ||     1
Armor: Scale mail        |    28 |    22 |       |       |       ||    50
       Plate armour      |       |    39 |   230 |   142 |   237 ||   648
       Chain mail        |       |       |       |   114 |       ||   114
Dodge: Dodged            |    36 |    27 |    96 |   142 |   206 ||   507
Block: Buckler           |     6 |       |       |       |       ||     6
       Kite shield       |    22 |    52 |   154 |   233 |   337 ||   798

Table legend: (Time is in decaauts)
 A = Elapsed time spent in this place.
 B = Non-inter-level travel time spent in this place.
 C = Inter-level travel time spent in this place.
 D = Time resting spent in this place.
 E = Time spent auto-exploring this place.
 F = Levels seen in this place.
 G = Mean time per level.
                   A        B        C        D        E       F      G
               +--------+--------+--------+--------+--------+-----+--------+
         Total |  23534 |  22642 |    892 |    206 |  18645 |  22 | 1069.7 |
       Dungeon |  14608 |  13941 |    667 |    206 |  11325 |  15 |  973.9 |
        Temple |    135 |     95 |     40 |      0 |     81 |   1 |  135.0 |
          Lair |   8790 |   8605 |    185 |      0 |   7239 |   6 | 1465.0 |
               +--------+--------+--------+--------+--------+-----+--------+

Top non-repeatable levels by time:
  Lair:6: 2469 daAuts
  Lair:5: 1688 daAuts
  Lair:3: 1616 daAuts
  Lair:4: 1467 daAuts
     D:6: 1354 daAuts
    D:14: 1340 daAuts
    D:13: 1283 daAuts
     D:1: 1193 daAuts
    D:12: 1101 daAuts
    D:11: 1068 daAuts
     D:5: 1067 daAuts
    D:10: 990 daAuts
     D:8: 979 daAuts
     D:4: 919 daAuts
  Lair:2: 876 daAuts
